 Dungeon Crawl Stone Soup version 0.31-a0-455-g1a7b003ef0 (webtiles) character file.

Game seed: 7150276002357914750

63 Anon1729 the Trooper (level 3, 0/33 HPs)
             Began as a Minotaur Monk on Aug 3, 2023.
             Slain by Ijyb
             ... wielding a +2 dagger of protection
              (2 damage)
             ... on level 3 of the Dungeon.
             The game lasted 00:00:52 (1733 turns).

Anon1729 the Trooper (Minotaur Monk)                Turns: 1733, Time: 00:00:52

Health: 0/33       AC:  3    Str: 14 (15) XL:     3   Next: 87%
Magic:  3/3        EV: 13    Int:  5 (7)  God:
Gold:   156        SH:  0    Dex: 11 (14) Spells: 2/2 levels left

rFire   . . .        a - +0 short sword
rCold   . . .        d - orb {light}
rNeg    . . .        b - +0 robe
rPois   .            (helmet restricted)
rElec   .            (no cloak)
rCorr   .            (no gloves)
SInv    .            l - +0 pair of boots
Will    +....        (no amulet)
Stlth   +            g - ring of willpower
HPRegen 0.25/turn    (no ring)
MPRegen 0.08/turn

%: no passive effects
@: brilliant, glowing
A: horns 2, retaliatory headbutt
a: no special abilities


You were on level 3 of the Dungeon.
You visited 1 branch of the dungeon, and saw 3 of its levels.

You collected 156 gold pieces.

Inventory:

Hand Weapons
 a - a +0 short sword (weapon)
Armour
 b - a +0 robe (worn)
 d - an orb of light (worn)
 l - a +0 pair of boots (worn)
Jewellery
 g - a ring of willpower (left hand)
Scrolls
 e - 2 scrolls of fear {unknown}
 f - 5 scrolls of identify {unknown}
 i - a scroll of brand weapon {unknown}
 k - a scroll of vulnerability {unknown}
 m - 2 scrolls of fog {unknown}
 n - a scroll of revelation {unknown}
 p - a scroll of acquirement {unknown}
Potions
 h - a potion of degeneration
 j - a potion of attraction {unknown}
 o - a potion of brilliance


   Skills:
 + Level 4.1 Fighting
 + Level 3.7 Short Blades
 + Level 1.7 Armour
 + Level 3.7 Dodging
 + Level 1.3 Invocations


You had 2 spell levels left.
You didn't know any spells.
Your spell library contained the following spells:

 Spells                   Type           Power      Damage    Failure   Level
 Blink                    Tloc           0%         N/A       63%         2
 Lesser Beckoning         Tloc           0%         N/A       63%         2
 Momentum Strike          Conj/Tloc      0%         3d8       63%         2


Dungeon Overview and Level Annotations

Branches:
Dungeon (3/15)

Altars:
Qazlal

Annotations:
D:3 Ijyb


Innate Abilities, Weirdness & Mutations

You have a pair of horns on your head.
You reflexively headbutt those who attack you in melee.


Message History

You are too injured to fight recklessly!
You are too injured to fight recklessly!
You are too injured to fight recklessly!
You are too injured to fight recklessly!
You are too injured to fight recklessly!
You are too injured to fight recklessly!
You are too injured to fight recklessly!
You are too injured to fight recklessly!
You are too injured to fight recklessly!
You are too injured to fight recklessly!
You are too injured to fight recklessly!
You are too injured to fight recklessly!
You are too injured to fight recklessly!
Ijyb attacks as you move away! Ijyb barely misses you.
The orc throws a boomerang.
The boomerang hits you.
* * * LOW HITPOINT WARNING * * *
Ijyb screams, "I no like you!"
You are confused.
You feel invigorated.
Ijyb hits you with a +2 dagger of protection.
* * * LOW HITPOINT WARNING * * *
You bump into the rock wall.
Ijyb barely misses you.
Ijyb zaps a wand.
You resist with almost no effort.
You closely miss Ijyb.
You bump into the rock wall.
You feel less invigorated.
You feel less confused.
Ijyb hits you with a +2 dagger of protection!
You aren't carrying any items that you can evoke.
Ijyb misses you. You furiously retaliate!
You headbutt Ijyb.
It was a potion of degeneration.
There was something very wrong with that liquid.
You feel weakened.
You feel dopey.
You feel clumsy.
The orc priest invokes the aid of Beogh against you.
Beogh smites you!
* * * LOW HITPOINT WARNING * * *
Ijyb zaps a wand.
You resist with almost no effort.
It was a potion of brilliance.
You feel clever all of a sudden.
Ijyb hits you with a +2 dagger of protection.
You die...

#######.......##.#
..............##.#
..............##.#
).............##.#
.......#########.#
.......# #.#
.......# #.#
.......#########.#
.......##.....)#@#
#########....o.g.#
#.....)### #......
#...... ###.### #
#. . # #


You could see Ijyb and an orc.

Vanquished Creatures
  2 adders (D:3)
  A dart slug (D:1)
  2 orcs (D:3)
  2 ball pythons
  8 bats
  2 endoplasms (D:1)
  4 giant cockroaches
  5 goblins
  4 hobgoblins
  4 kobolds
  3 frilled lizards
  2 rats
39 creatures vanquished.

Notes
Turn   | Place    | Note
-------+----------+-------------------------------------------
     0 | D:1      | Anon1729 the Minotaur Monk began the quest for the Orb.
     0 | D:1      | Reached XP level 1. HP: 19/19 MP: 0/0
   166 | D:1      | Reached XP level 2. HP: 27/27 MP: 1/1
   223 | D:1      | Reached skill level 1 in Armour
   781 | D:2      | Reached skill level 1 in Invocations
   788 | D:2      | Reached XP level 3. HP: 33/33 MP: 2/2
   950 | D:2      | Reached skill level 4 in Fighting
  1301 | D:2      | Found a stormy altar of Qazlal.
  1718 | D:3      | Noticed Ijyb
  1733 | D:3      | Slain by Ijyb

Illustrated notes

Levels and vault maps discovered:
D:1:      wander_arrival_peaceful_grave, layout_loops_ring, minmay_nonomino_d4
D:2:      layout_basic, serial_curves, eino_curves_02, eino_curves_03,
          basic_altar, minmay_statues_item
D:3:      layout_basic, nicolae_vehumet_altar_sigil, uniq_ijyb, uniq_grinder,
          uniq_terence

Skill      XL: |  1  2  3 |
---------------+----------+-----
Armour         | 1 |  1.7
Invocations    | 1 |  1.3
Fighting       | 4 |  4.1
Short Blades   | |  3.7
Dodging        | |  3.7

Action                     || total
---------------------------++-------
  Melee: Short sword       ||    88
         Headbutt          ||    21
    Use: Potion            ||     3
 Armour: Robe              ||    10
  Dodge: Dodged            ||    77

Table legend: (Time is in decaauts)
 A = Elapsed time spent in this place.
 B = Non-inter-level travel time spent in this place.
 C = Inter-level travel time spent in this place.
 D = Time resting spent in this place.
 E = Time spent auto-exploring this place.
 F = Levels seen in this place.
 G = Mean time per level.
                   A        B        C        D        E       F      G
               +--------+--------+--------+--------+--------+-----+--------+
         Total |   1716 |   1625 |     91 |      0 |   1405 |   3 |  572.0 |
       Dungeon |   1716 |   1625 |     91 |      0 |   1405 |   3 |  572.0 |
               +--------+--------+--------+--------+--------+-----+--------+

Top non-repeatable levels by time:
     D:1: 745 daAuts
     D:2: 664 daAuts
     D:3: 305 daAuts
